 Dungeon Crawl Stone Soup version 0.28.0-43-g3370ac3207 (webtiles) character file.

Game seed: 17239969504662516587

4 terff the Sneak (level 1, -3/14 HPs)
             Began as an Octopode Brigand on Mar 20, 2022.
             Killed by nerve-wracking pain
             ... invoked by Grinder
              (7 damage)
             ... on level 3 of the Dungeon.
             The game lasted 00:00:34 (93 turns).

terff the Sneak (Octopode Brigand)                    Turns: 93, Time: 00:00:35

Health: -3/14      AC:  1    Str: 10    XL:     1   Next: 60%
Magic:  1/1        EV: 13    Int: 13    God:
Gold:   0          SH:  0    Dex: 13    Spells: 0/0 levels left

rFire   . . .      SeeInvis .   a - +2 dagger
rCold   . . .      Faith    .   (no shield)
rNeg    . . .      Spirit   .   (helmet restricted)
rPois   .          Reflect  .   (no amulet)
rElec   .          Harm     .   (no ring)
rCorr   .          Rampage  .   (no ring)
Will    .....                   (no ring)
Stlth   ++++......              (no ring)
HPRegen 0.04/turn               (no ring)
MPRegen 0.07/turn               (no ring)
                                (no ring)
                                (no ring)

@: no status effects
A: almost no armour, amphibious, 8 rings, camouflage 1, gelatinous body 1,
(nimble swimmer 1), tentacles
a: no special abilities


You were on level 3 of the Dungeon.
You visited 1 branch of the dungeon, and saw 3 of its levels.

Inventory:

Hand Weapons
 a - a +2 dagger (weapon)
Missiles
 b - 8 poisoned darts (quivered)
 c - 2 curare-tipped darts
Scrolls
 d - 2 scrolls of holy word
Potions
 e - 2 potions of brilliance {unknown}


   Skills:
 + Level 2.0 Fighting
 + Level 2.1 Short Blades
 + Level 2.0 Throwing
 + Level 1.2 Dodging
 + Level 5.4 Stealth


You couldn't memorise any spells.
You didn't know any spells.
Your spell library was empty.

Dungeon Overview and Level Annotations

Branches:
Dungeon (3/15)

Altars:

Annotations:
D:3 Grinder


Innate Abilities, Weirdness & Mutations

You cannot wear most types of armour.
You are amphibious.
You can wear up to eight rings at the same time.
Your skin changes colour to match your surroundings (Stealth+).
Your rubbery body absorbs attacks. (AC +1, EV +1)
((You are camouflaged when in or above water. (Stealth+)))
You have tentacles for arms and can constrict up to eight enemies at once.


Message History

An endoplasm and a goblin come into view.
A hobgoblin comes into view.
Found a stone staircase leading down.
Found a quarterstaff.
Found a stone staircase leading up.
A kobold comes into view. It is wielding a +0 club.
Found 2 metallic red potions.
The helpless kobold fails to defend itself.
You impale the kobold!!
You kill the kobold!
Things that are here:
a +0 club; a kobold corpse
e - 2 metallic red potions
As you read the scroll labelled JODGHA ROWKE, it crumbles to dust.
You speak a Word of immense power!
It was a scroll of holy word.
Things that are here:
a +0 club; a kobold corpse
There is a stone staircase leading down here.
You climb downwards.
There is a stone staircase leading up here.
The helpless hobgoblin fails to defend itself.
You impale the hobgoblin!!
You kill the hobgoblin!
Grinder comes into view.
Found 11 gold pieces.
Grinder shouts!
Grinder gestures at you. Pain shoots through your body!
Ouch! That really hurt!
* * * LOW HITPOINT WARNING * * *
You hit Grinder. You grab Grinder.
Grinder is lightly wounded.
You constrict Grinder. Grinder closely misses you.
You hit Grinder.
Grinder is lightly wounded.
You constrict Grinder. Grinder gestures at you. Pain shoots through your body!
Ouch! That really hurt!
You die...

#..###
######..#<#
..........# #
..........#.+
............#
..........###
######..#.#
#######..######.
.$....5@........
########..#####.
#..# #..# #..#
#..# #..# #..#
#..#


You could see Grinder.

Vanquished Creatures
  A bat (D:2)
  A hobgoblin (D:3)
  A kobold (D:2)
3 creatures vanquished.

Notes
Turn   | Place    | Note
-------+----------+-------------------------------------------
     0 | D:1      | terff the Octopode Brigand began the quest for the Orb.
     0 | D:1      | Reached XP level 1. HP: 14/14 MP: 1/1
    87 | D:3      | Noticed Grinder
    93 | D:3      | Killed from afar by Grinder

Illustrated notes

Levels and vault maps discovered:
D:1:      dpeg_arrival_prison, layout_basic, nrook_uturn, due_unseen_surprise
D:2:      layout_rooms, ebering_ecumenical_altar_rust
D:3:      layout_basic, nicolae_overflow_squiral, minmay_liquid_box, uniq_robin,
          uniq_crazy_yiuf_cottage, uniq_grinder, uniq_sigmund

Action                   || total
-------------------------++-------
Melee: Dagger            ||     8
       Constrict         ||     2
  Use: Scroll            ||     1
 Stab: Sleeping          ||     2
Armor: Skin              ||     2
Dodge: Dodged            ||     5
